 Dungeon Crawl Stone Soup version 0.25-a0-316-gd28d56f9c5 (webtiles) character file.

Game seed: 3127175668438279119, levelgen mode: classic

3476 Borgoz the Cleaver (level 9, -1/82 HPs)
             Began as a Minotaur Berserker on Dec 25, 2019.
             Was an Elder of Trog.
             Slain by a cyclops (25 damage)
             ... on level 9 of the Dungeon.
             The game lasted 00:08:46 (6011 turns).

Borgoz the Cleaver (Minotaur Berserker)             Turns: 6011, Time: 00:08:46

Health: -1/82      AC: 14    Str: 22    XL:     9   Next: 79%
Magic:  0/8        EV: 10    Int:  4    God:    Trog [****..]
Gold:   469        SH:  0    Dex: 13    Spells: 8/8 levels left

rFire    . . .     SeeInvis .   k - +2 hand axe (pain)
rCold    . . .     Gourm    .   (no shield)
rNeg     + . .     Faith    .   i - +0 plate armour {rPois}
rPois    +         Spirit   +   (helmet restricted)
rElec    .         Reflect  .   v - scarf {Spirit}
rCorr    +         Harm     .   l - +0 pair of gloves
MR       .....                  (no boots)
Stlth    ..........             (no amulet)
HPRegen  0.23/turn              r - ring of resist corrosion
MPRegen  0.11/turn              n - ring of positive energy

@: no status effects
A: retaliatory headbutt, horns 2
a: Berserk, Trog's Hand, Brothers in Arms, Renounce Religion


You were on level 9 of the Dungeon.
You worshipped Trog.
Trog was greatly pleased with you.
You were not hungry.

You visited 1 branch of the dungeon, and saw 9 of its levels.

You collected 469 gold pieces.

Inventory:

Hand Weapons
 k - a +2 hand axe of pain (weapon)
Armour
 i - a +0 plate armour of poison resistance (worn)
 l - a +0 pair of gloves (worn)
 v - a scarf of spirit shield (worn)
 y - a +1 ring mail of positive energy
Jewellery
 n - a ring of positive energy (right hand)
 r - a ring of resist corrosion (left hand)
Wands
 g - a wand of polymorph (19)
 p - a wand of iceblast (8)
 x - a wand of flame (19)
Scrolls
 a - 8 scrolls of remove curse
 h - a scroll of blinking
 s - 3 scrolls of teleportation {unknown}
 t - 3 scrolls of enchant armour {unknown}
 w - a scroll of enchant weapon {unknown}
 D - a scroll of magic mapping {unknown}
Potions
 b - 2 potions of might
 d - 6 potions of curing
 e - 2 potions of invisibility
 f - 2 potions of heal wounds
 j - a potion of magic
 m - 2 potions of cancellation
 o - a potion of flight
 q - 2 potions of lignification
 u - a potion of agility
 z - 2 potions of haste
 C - a potion of brilliance
Comestibles
 c - 12 rations


   Skills:
 + Level 8.4 Fighting
 * Level 11.0 Axes
 + Level 7.9 Armour
 + Level 7.1 Dodging


You had 8 spell levels left.
You didn't know any spells.
Your spell library was empty.

Dungeon Overview and Level Annotations

Branches:
Dungeon (9/15)             Temple (0/1) D:7
   Lair: D:8-11         Orc: D:9-12

Altars:
Ashenzari
Elyvilon
Fedhas
Gozag
Hepliaklqana
Uskayaw
Vehumet
Wu Jian
Yredelemnul
Zin
The Shining One


Innate Abilities, Weirdness & Mutations

You reflexively headbutt those who attack you in melee.
You have a pair of horns on your head.


Message History

A cyclops is nearby!
The cyclops throws a large rock.
The large rock hits you but does no damage.
You see here a large rock.
The cyclops throws a large rock.
The large rock hits you!!
* * * LOW HITPOINT WARNING * * *
You see here a large rock.
You are too injured to fight recklessly!
You are too injured to fight recklessly!
You are too injured to fight recklessly!
You feel much better.
The cyclops throws a large rock.
The large rock hits you!!
* * * LOW HITPOINT WARNING * * *
You see here a large rock.
The cyclops throws a large rock.
The large rock hits you but does no damage.
You see here a large rock.
You feel much better. The cyclops hits you!!
You die...

..## ###.........#
#..####...........## #.
##..#..........(...###..
###†#.............#....
##.#.........(.....#
##..........(...###
##.........(...#
##........(...#
##.......@...#
###......C..#
##.####...# #. #### # #


You could see a cyclops.

Vanquished Creatures
  A hippogriff (D:7)
  Sigmund (D:3)
  A water moccasin (D:8)
  A black bear (D:9)
  An ice beast (D:7)
  A sky beast (D:8)
  A necrophage (D:9)
  5 ogres
  A centaur (D:5)
  A crocodile (D:8)
  4 bullfrogs
  5 scorpions
  4 killer bees (D:8)
  4 wights (D:7)
  A howler monkey (D:5)
  5 crimson imps
  3 bullfrog zombies
  5 hounds
  3 orc priests
  A gnoll shaman (D:5)
  A centaur skeleton (D:6)
  A jelly (D:8)
  2 orc wizards (D:6)
  Crazy Yiuf (D:3)
  Ijyb (D:3)
  Terence (D:2)
  An iguana (D:9)
  6 worker ants
  A hound skeleton (D:7)
  Robin (D:2)
  3 gnolls (D:5)
  13 adders
  A shadow imp (D:6)
  An ooze (D:3)
  2 adder zombies
  2 adder skeletons
  A worm (D:2)
  3 dart slugs
  5 leopard geckos
  13 orcs
  14 bats
  3 giant cockroaches
  13 goblins
  10 hobgoblins
  4 jackals (D:7)
  3 quokkas
  3 ball pythons
  9 frilled lizards
  A jackal skeleton (D:8)
  9 kobolds
  2 leopard gecko skeletons
  A leopard gecko zombie (D:6)
  5 rats
186 creatures vanquished.

Vanquished Creatures (others)
  7 toadstools (D:1)
7 creatures vanquished.

Grand Total: 193 creatures vanquished

Notes
Turn   | Place    | Note
-------+----------+-------------------------------------------
     0 | D:1      | Borgoz the Minotaur Berserker began the quest for the Orb.
     0 | D:1      | Reached XP level 1. HP: 19/19 MP: 0/0
   239 | D:1      | Reached XP level 2. HP: 27/27 MP: 1/1
   270 | D:1      | Reached skill level 4 in Axes
   332 | D:1      | Found a hide-covered altar of Uskayaw.
   526 | D:1      | Reached ** piety under Trog
   857 | D:2      | Reached XP level 3. HP: 33/33 MP: 2/2
  1037 | D:2      | Reached XP level 4. HP: 40/40 MP: 3/3
  1061 | D:2      | Noticed Robin
  1069 | D:2      | Killed Robin
  1145 | D:2      | Reached skill level 5 in Axes
  1440 | D:2      | Reached *** piety under Trog
  1456 | D:2      | Noticed Terence
  1490 | D:2      | Killed Terence
  1490 | D:2      | Reached XP level 5. HP: 14/47 MP: 4/4
  1704 | D:3      | Noticed Ijyb
  1710 | D:3      | Killed Ijyb
  1836 | D:3      | Found a runed translucent door.
  1837 | D:3      | Noticed Crazy Yiuf
  1862 | D:3      | Found a glowing golden altar of the Shining One.
  1908 | D:3      | Killed Crazy Yiuf
  1964 | D:3      | Noticed Sigmund
  1972 | D:3      | Killed Sigmund
  1972 | D:3      | Reached skill level 5 in Fighting
  1972 | D:3      | Reached skill level 6 in Axes
  1972 | D:3      | Reached XP level 6. HP: 56/56 MP: 5/5
  2380 | D:4      | Found a radiant altar of Vehumet.
  2493 | D:4      | Reached XP level 7. HP: 61/61 MP: 6/6
  2565 | D:4      | Reached skill level 7 in Axes
  2712 | D:4      | Found an ornate altar of the Wu Jian Council.
  2751 | D:4      | Reached skill level 5 in Armour
  3184 | D:5      | Entered Level 5 of the Dungeon
  3239 | D:5      | Found a blossoming altar of Fedhas.
  3262 | D:5      | Found a hazy altar of Hepliaklqana.
  3273 | D:5      | Found a glowing silver altar of Zin.
  3324 | D:5      | Reached XP level 8. HP: 19/70 MP: 0/7
  3332 | D:5      | Reached skill level 5 in Dodging
  3364 | D:5      | Reached skill level 8 in Axes
  3594 | D:5      | Found an opulent altar of Gozag.
  3856 | D:6      | Found a shattered altar of Ashenzari.
  4330 | D:7      | Found a staircase to the Ecumenical Temple.
  4335 | D:7      | Reached skill level 9 in Axes
  4362 | D:7      | Reached **** piety under Trog
  4556 | D:7      | Noticed a hippogriff
  4563 | D:7      | Killed a hippogriff
  4563 | D:7      | Reached XP level 9. HP: 77/79 MP: 8/8
  5262 | D:8      | Found a white marble altar of Elyvilon.
  5267 | D:8      | Reached skill level 10 in Axes
  5389 | D:8      | Found a basalt altar of Yredelemnul.
  5850 | D:9      | Reached skill level 11 in Axes
  6003 | D:9      | Noticed a cyclops
  6011 | D:9      | Slain by a cyclops

Levels and vault maps discovered:
D:1:      nagdon_arrival_double_spiral, layout_basic, minmay_hexomino_r4
D:2:      layout_loops_cross, uniq_terence, uniq_robin
D:3:      layout_rooms, marbit_many_paths, uniq_crazy_yiuf_cottage,
          uniq_sigmund, uniq_ijyb
D:4:      layout_basic, kennysheep_mini, vehumet_altar_wand_db
D:5:      layout_basic, nicolae_overflow_quartered_altars, first_ration
D:6:      layout_basic, nicolae_ashenzari_panopticon
D:7:      layout_gridville, minmay_temple_entry_crystal_x
D:8:      layout_basic, nicolae_overflow_crystal_walls, basic_altar,
          grunt_ministairs_3
D:9:      layout_cave_pods, serial_column_ruins, column_ruins_open_tiny,
          column_ruins_corridor_straight, column_ruins_corridor_corner,
          column_ruins_corridor_T, column_ruins_open_medium

Skill      XL: |  1  2  3  4  5  6  7  8  9 |
---------------+----------------------------+-----
Axes           | 4 5 6 7 9 11 | 11.0
Fighting       | 4 5 6 7 8 |  8.4
Armour         | 3 4 5 6 7 |  7.9
Dodging        | 3 4 6 7 |  7.1

Action                   |  1- 3 |  4- 6 |  7- 9 || total
-------------------------+-------+-------+-------++-------
Melee: Hand axe          |    70 |    91 |   305 ||   466
       Headbutt          |    12 |    14 |    73 ||    99
Invok: Trog's Hand       |       |     2 |     1 ||     3
       Berserk           |       |     4 |     3 ||     7
  Use: Scroll            |     2 |       |    13 ||    15
       Potion            |       |       |     2 ||     2
 Stab: Sleeping          |     2 |       |       ||     2
  Eat: Chunk             |     1 |     8 |    15 ||    24
Armor: Animal skin       |    10 |       |       ||    10
       Ring mail         |    11 |    32 |    30 ||    73
       Plate armour      |       |       |    86 ||    86
Dodge: Dodged            |    44 |    60 |   158 ||   262

Table legend:
 A = Non-vault XP
 B = Vault XP
 C = Vault XP percentage of total XP
 D = Non-vault monster count
 E = Vault monster count
 F = Vault count percentage of total count
                 A         B        C        D         E       F
            +---------+---------+-------+---------+---------+-------
      Total |    4477 |     489 |   9.8 |     169 |      17 |   9.1
            +---------+---------+-------+---------+---------+-------
        D:1 |      38 |       2 |   5.0 |      23 |       2 |   8.0
        D:2 |     103 |      64 |  38.3 |      25 |       9 |  26.5
        D:3 |      77 |     288 |  78.9 |      22 |       4 |  15.4
        D:4 |     466 |       2 |   0.4 |       8 |       1 |  11.1
        D:5 |     516 |       0 |   0.0 |      16 |       0 |   0.0
        D:6 |     595 |       0 |   0.0 |      20 |       0 |   0.0
        D:7 |     959 |       0 |   0.0 |      21 |       0 |   0.0
        D:8 |    1070 |     133 |  11.1 |      20 |       1 |   4.8
        D:9 |     653 |       0 |   0.0 |      14 |       0 |   0.0
            +---------+---------+-------+---------+---------+-------
